 Dungeon Crawl Stone Soup version 0.18.1-2-ga659475 (webtiles) character file.

3026 lightmor the Thaumaturge (level 9, -7/52 HPs)
             Began as a Deep Elf Wizard on May 8, 2016.
             Was a Believer of Vehumet.
             Killed by nerve-wracking pain
             ... invoked by an orc priest
              (11 damage)
             ... on level 4 of the Dungeon.
             The game lasted 00:23:44 (8354 turns).

lightmor the Thaumaturge (Deep Elf Wizard)          Turns: 8354, Time: 00:23:45

Health: -7/52      AC:  3    Str:  2    XL:     9   Next: 55%
Magic:  11/25      EV: 16    Int: 29    God:    Vehumet [**....]
Gold:   332        SH:  0    Dex: 13    Spells: 6 memorised, 16 levels left

rFire  + . .     SeeInvis .     t - +2 quarterstaff (chaos)
rCold  . . .     Gourm    .     a - +0 robe
rNeg   . . .     Faith    +     (shield currently unavailable)
rPois  .         Spirit   .     b - +0 hat
rElec  .         Dismiss  .     u - +0 cloak
rCorr  .         Reflect  .     (no gloves)
SustAt .         Harm     .     (no boots)
MR     .....                    B - amulet of faith
Stlth  ++........               v - ring of fire
                                p - ring of wizardry

@: very slightly contaminated, repel missiles, not resistant to hostile
enchantments, unstealthy
A: clever 1, cold resistance 1, weak 1
a: Renounce Religion


You were on level 4 of the Dungeon.
You worshipped Vehumet.
Vehumet was pleased with you.
You were not hungry.

You visited 2 branches of the dungeon, and saw 10 of its levels.

You collected 332 gold pieces.

Inventory:

Hand Weapons
 t - a +2 quarterstaff of chaos (weapon)
Missiles
 w - 26 poisoned needles
Armour
 a - a +0 robe (worn)
 b - a +0 hat (worn)
 u - a +0 cloak (worn)
Jewellery
 p - a ring of wizardry (left hand)
 v - a ring of fire (right hand)
 B - an amulet of faith (around neck)
 H - an uncursed ring of positive energy
Wands
 x - a wand of polymorph (15/24)
 C - a wand of confusion (14/48)
 G - a wand of confusion (27/48)
 I - a wand of flame (38/48)
Scrolls
 h - a scroll of enchant armour {unknown}
 k - a scroll of fear {unknown}
 l - 4 scrolls of remove curse
 o - a scroll of enchant weapon {unknown}
 y - a scroll of amnesia
 D - a scroll of recharging {unknown}
 E - 2 scrolls of brand weapon {unknown}
 F - a scroll of magic mapping {unknown}
Potions
 e - 2 potions of cure mutation
 f - 3 potions of might
 g - 2 potions of brilliance
 j - 6 potions of curing
 n - 2 potions of ambrosia
 q - a potion of resistance
 r - 3 potions of heal wounds
 s - a potion of magic
 A - 2 potions of flight
Books
 c - a book of Minor Magic

   Spells                             Type                      Level
   a - Magic Dart                     Conjuration                  1
   b - Blink                          Translocation                2
   c - Call Imp                       Summoning                    2
   d - Repel Missiles                 Charms/Air                   2
   e - Slow                           Hexes                        2
   f - Conjure Flame                  Conjuration/Fire             3
   g - Mephitic Cloud                 Conjuration/Poison/Air       3
 z - a book of Beasts

   Spells                             Type                      Level
   a - Summon Butterflies             Summoning                    1
   b - Call Canine Familiar           Summoning                    3
   c - Summon Ice Beast               Ice/Summoning                4
   d - Summon Mana Viper              Hexes/Summoning              5
   e - Summon Hydra                   Summoning                    7
Comestibles
 d - 6 bread rations
 i - 9 slices of pizza
 m - 3 meat rations


   Skills:
 + Level 4.0 Fighting
 + Level 7.2 Dodging
 - Level 2.4 Stealth
 - Level 10.0 Spellcasting
 * Level 9.4 Conjurations
 - Level 1.1 Summonings
 - Level 1.1 Translocations


You had 16 spell levels left.
You knew the following spells:

 Your Spells              Type           Power        Failure   Level  Hunger
a - Magic Dart            Conj           ####         1%          1    None
b - Repel Missiles        Chrm/Air       ##....       2%          2    None
c - Mephitic Cloud        Conj/Pois/Air  ####....     1%          3    None
d - Conjure Flame         Conj/Fire      ######..     1%          3    None
e - Blink                 Tloc           N/A          1%          2    None
f - Summon Butterflies    Summ           ###.....     1%          1    None


Dungeon Overview and Level Annotations

Branches:
Dungeon (9/15)             Temple (1/1) D:6
   Lair: D:8-11         Orc: D:9-12

Altars:
Ashenzari
Dithmenos
Elyvilon
Fedhas
Gozag
Kikubaaqudgha
Makhleb
Nemelex Xobeh
Okawaru
Sif Muna
Trog
Vehumet
Xom
Zin
The Shining One

Annotations:
D:3 imganon's ghost, amateur DsBe
D:8 Joseph


Innate Abilities, Weirdness & Mutations

Your mind is acute. (Int +2)
Your flesh is cold resistant.
You are weak. (Str -2)


Message History

Vehumet accepts your kill.
You feel your power returning.
You hear some strange, mumbled words.
A magic dart appears from out of thin air!
The magic dart hits you!
Casting: Magic Dart
Confirm with . or Enter, or press ? or * to list all spells.
You blink.
The orc priest mumbles some strange prayers to Beogh against you.
Beogh smites you!
* * * LOW HITPOINT WARNING * * *
Something hits you but does no damage.
Casting: Blink
Confirm with . or Enter, or press ? or * to list all spells.
You miscast Blink.
You are very lightly contaminated with residual magic.
Nothing appears to happen.
The orc priest invokes the aid of Beogh against you.
Pain shoots through your body!
You die...

#..................
#.......####.....##
#####...#######.......
###...............######
#...##....#####.#.).....
#.#.......#####.#.######
##...##.......##.#.#
#.....ยง{......##.#.######
#.#..##o@.....##.........
#>#..##..............####
#.#..##....#####...### #
#.#..##..#.# #...# #
#.#.)##..#.#####...# #
#.#...)....(.......# #
##.#.###..(o........# #
#..#.####.#.##############
#.##.#......# #######..(.


You could see an orc priest.

Vanquished Creatures
  Psyche (D:8)
  Grinder (D:4)
  2 phantoms
  2 orc warriors
  3 ogres
  A necrophage (D:8)
  A centaur (D:5)
  5 giant frogs
  2 scorpions
  A killer bee (D:7)
  A howler monkey (D:6)
  2 crimson imps (D:5)
  4 hounds (D:6)
  Crazy Yiuf (D:2)
  7 orc priests
  6 orc wizards
  Jessica (D:7)
  Natasha (thrice) (D:2)
  7 iguanas
  6 worker ants
  Robin (D:4)
  6 adders
  4 gnolls
  2 shadow imps
  2 oozes
  An adder skeleton (D:4)
  3 worms
  3 dart slugs
  A giant gecko (D:2)
  25 orcs
  3 giant cockroaches
  17 goblins
  9 hobgoblins
  11 jackals
  3 quokkas
  8 bats
  6 giant newts
  9 kobolds
  A quokka skeleton (D:4)
  A quokka zombie (D:5)
  7 rats
180 creatures vanquished.

Notes
Turn   | Place    | Note
--------------------------------------------------------------
     0 | D:1      | lightmor the Deep Elf Wizard began the quest for the Orb.
     0 | D:1      | Reached XP level 1. HP: 10/10 MP: 7/7
   246 | D:1      | Reached XP level 2. HP: 15/15 MP: 7/9
   799 | D:1      | Learned a level 2 spell: Repel Missiles
   891 | D:1      | Reached XP level 3. HP: 19/19 MP: 8/10
   960 | D:1      | Learned a level 3 spell: Mephitic Cloud
   964 | D:1      | Learned a level 3 spell: Conjure Flame
  1439 | D:2      | Noticed Natasha
  1441 | D:2      | Reached XP level 4. HP: 24/24 MP: 6/12
  1564 | D:2      | Noticed Crazy Yiuf
  1573 | D:2      | Killed Crazy Yiuf
  1765 | D:2      | Killed Natasha
  1765 | D:2      | Reached skill level 5 in Conjurations
  1958 | D:3      | Reached XP level 5. HP: 28/28 MP: 5/13
  1965 | D:3      | Learned a level 2 spell: Blink
  2054 | D:3      | Found a glowing silver altar of Zin.
  2229 | D:3      | Noticed imganon's ghost (amateur DsBe)
  2271 | D:2      | Noticed Natasha
  2277 | D:2      | Killed Natasha
  2416 | D:2      | Noticed Natasha
  2419 | D:2      | Killed Natasha
  2676 | D:3      | Found an opulent altar of Gozag.
  2824 | D:4      | Reached skill level 5 in Spellcasting
  2924 | D:4      | Gained mutation: You tend to lose your temper in combat. [potion of mutation]
  2924 | D:4      | Gained mutation: You are dopey. (Int -2) [potion of mutation]
  2924 | D:4      | Gained mutation: Your system is resistant to poisons. [potion of mutation]
  2925 | D:4      | Lost mutation: You tend to lose your temper in combat. [potion of cure mutation]
  2925 | D:4      | Lost mutation: You are dopey. (Int -2) [potion of cure mutation]
  2925 | D:4      | Lost mutation: Your system is resistant to poisons. [potion of cure mutation]
  3011 | D:4      | Reached XP level 6. HP: 33/33 MP: 10/15
  3014 | D:4      | Learned a level 1 spell: Summon Butterflies
  3115 | D:4      | Reached skill level 1 in Fighting
  3119 | D:4      | Noticed Robin
  3322 | D:4      | Killed Robin
  3386 | D:4      | Noticed Grinder
  3399 | D:4      | Paralysed by Grinder for 7 turns
  3402 | D:4      | Killed Grinder
  3402 | D:4      | Reached skill level 6 in Spellcasting
  3402 | D:4      | Reached XP level 7. HP: 31/38 MP: 10/18
  3874 | D:4      | Found a bloodstained altar of Trog.
  4212 | D:5      | Entered Level 5 of the Dungeon
  4220 | D:5      | Reached skill level 7 in Spellcasting
  4390 | D:5      | Gained mutation: You are weak. (Str -2) [potion of mutation]
  4390 | D:5      | Gained mutation: Your flesh is cold resistant. [potion of mutation]
  4390 | D:5      | Gained mutation: Your mind is acute. (Int +2) [potion of mutation]
  4717 | D:5      | Reached XP level 8. HP: 31/44 MP: 14/21
  4738 | D:5      | Reached skill level 5 in Dodging
  5325 | D:6      | Found a staircase to the Ecumenical Temple.
  5334 | Temple   | Entered the Ecumenical Temple
  5386 | Temple   | Became a worshipper of Vehumet
  5605 | D:6      | Reached skill level 8 in Spellcasting
  5936 | D:6      | Found a bloodstained altar of Trog.
  5998 | D:6      | You fall through a shaft for 3 floors!
  6089 | D:9      | Reached skill level 9 in Spellcasting
  6216 | D:9      | Reached * piety under Vehumet
  6216 | D:9      | Offered knowledge of Sting by Vehumet.
  6537 | D:8      | Reached XP level 9. HP: 51/51 MP: 11/24
  6967 | D:8      | Noticed Psyche
  6985 | D:8      | Killed Psyche
  6986 | D:8      | Noticed Joseph
  7284 | D:7      | Reached skill level 10 in Spellcasting
  7654 | D:7      | Noticed Jessica
  7656 | D:7      | Killed Jessica
  7663 | D:7      | Found a deep blue altar of Sif Muna.
  7748 | D:7      | Found a blossoming altar of Fedhas.
  7773 | D:7      | You fall through a shaft!
  7797 | D:8      | Offered knowledge of Searing Ray by Vehumet.
  7841 | D:8      | Reached ** piety under Vehumet
  8354 | D:4      | Killed from afar by an orc priest

Skill      XL: |  1  2  3  4  5  6  7  8  9 |
---------------+----------------------------+-----
Conjurations   | 2 3 4 5 6 7 8 9 |  9.4
Spellcasting   | 5 6 7 9 10 | 10.0
Dodging        | 3 4 6 7 |  7.2
Fighting       | 1 2 3 4 |  4.0
Stealth        | |  2.4
Summonings     | |  1.1
Translocations | |  1.1

Action                   |  1- 3 |  4- 6 |  7- 9 || total
-------------------------+-------+-------+-------++-------
Melee: Quarterstaff      |       |    12 |    10 ||    22
 Cast: Magic Dart        |    85 |   163 |   370 ||   618
       Repel Missiles    |     1 |     1 |       ||     2
       Mephitic Cloud    |       |     3 |    18 ||    21
       Conjure Flame     |       |     2 |     9 ||    11
       Blink             |       |     1 |     4 ||     5
       Summon Butterflie |       |     1 |       ||     1
  Use: Scroll            |     2 |     3 |    10 ||    15
       Potion            |       |     2 |     1 ||     3
 Stab: Confused          |       |       |     1 ||     1
  Eat: Chunk             |     1 |     7 |    14 ||    22
Armor: Robe              |     2 |     7 |    10 ||    19
Dodge: Dodged            |     9 |    21 |    76 ||   106
       Deflected         |     1 |       |     2 ||     3
